 Dungeon Crawl Stone Soup version 0.21.0-24-g2553a33 (webtiles) character file.

15841 Monsterracer the Grappler (level 12, -17/106 HPs)
             Began as a Ghoul Skald on Jan 19, 2018.
             Was an Elder of Makhleb.
             Demolished by a minotaur
             ... wielding a +3 morningstar of holy wrath
              (30 damage)
             ... in a labyrinth on Jan 20, 2018.
             The game lasted 00:28:30 (13336 turns).

Monsterracer the Grappler (Ghoul Skald)            Turns: 13336, Time: 00:28:31

Health: -17/106    AC: 15    Str: 20    XL:     12   Next: 31%
Magic:  17/17      EV:  8    Int:  8    God:    Makhleb [****..]
Gold:   691        SH:  0    Dex:  8    Spells: 14/14 levels left

rFire    + . .     SeeInvis .     - Unarmed
rCold    + . .     Gourm    .   (no shield)
rNeg     + + +     Faith    .   q - +0 chain mail
rPois    ∞         Spirit   .   w - +2 helmet
rElec    .         Reflect  .   (no cloak)
rCorr    +         Harm     .   (no gloves)
MR       ++...                  l - +0 pair of boots
Stlth    ..........             b - amulet of Leaves {MR++ Regen+}
HPRegen  0.00/turn              z - ring of protection from fire {!d}
MPRegen  0.15/turn              f - ring of resist corrosion {!d}

@: rotting
A: rotting body, claws 1, carnivore, cold resistance 1, negative energy
resistance 3, inhibited regeneration, torment resistance, unbreathing
a: Minor Destruction, Lesser Servant of Makhleb, Major Destruction, Renounce
Religion


You were in a labyrinth.
You worshipped Makhleb.
Makhleb was greatly pleased with you.
You were not hungry.

You visited 3 branches of the dungeon, and saw 14 of its levels.
You also visited: Labyrinth, Sewer and Bailey.

You collected 691 gold pieces.

Inventory:

Armour
 l - a +0 pair of boots (worn)
 q - a +0 chain mail (worn)
 w - a +2 helmet (worn)
Jewellery
 b - the amulet of Leaves (around neck) {MR++ Regen+}
   (You found it on level 8 of the Dungeon)

   [amulet of regeneration]

   It affects your resistance to hostile enchantments.
   It increases your rate of regeneration.
 f - a ring of resist corrosion (right claw) {!d}
 m - an uncursed ring of see invisible
 x - an uncursed ring of protection from magic {!d}
 z - a ring of protection from fire (left claw) {!d}
Wands
 g - a wand of flame (44)
 p - a wand of acid (7)
 r - a wand of iceblast (44)
 y - a wand of disintegration (25)
 A - a wand of polymorph (15)
Scrolls
 k - 2 scrolls of remove curse
 o - 7 scrolls of teleportation
 s - 2 scrolls of fear {!r}
 C - 2 scrolls of blinking
Potions
 a - 3 potions of cancellation
 d - 2 potions of agility
 e - a potion of mutation {!q}
 h - a potion of brilliance
 i - 8 potions of curing
 n - 4 potions of ambrosia {!q}
 t - 6 potions of flight
 u - a potion of might
 v - 2 potions of heal wounds
 B - a potion of haste
Comestibles
 c - 40 rations
 j - a chunk of flesh


   Skills:
 + Level 9.9 Fighting
 + Level 7.5 Armour
 - Level 1.7 Dodging
 * Level 14.1 Unarmed Combat
 - Level 1.7 Spellcasting
   Level 2.6 Charms
 + Level 9.1 Invocations


You had 14 spell levels left.
You didn't know any spells.

Dungeon Overview and Level Annotations

Branches:
Dungeon (10/15)            Temple (1/1) D:4            Lair (3/6) D:10
    Orc (0/2) D:9
  Swamp: Lair:2-4    Shoals: Lair:2-4     Snake: Lair:2-4    Spider: Lair:2-4

Altars:
Ashenzari
Cheibriados
Dithmenos
Elyvilon
Fedhas
Gozag
Hepliaklqana
Kikubaaqudgha
Makhleb
Nemelex Xobeh
Okawaru
Qazlal
Ru
Sif Muna
Trog
Uskayaw
Vehumet
Wu Jian
Xom
Yredelemnul
Zin
The Shining One

Annotations:
Lair:1 exclusion: oklob plant


Innate Abilities, Weirdness & Mutations

Your body is rotting away.
You thrive on raw meat.
You are immune to poison.
You have sharp fingernails.
You are carnivorous and can eat meat at any time.
Your flesh is cold resistant. (rC+)
You are immune to negative energy. (rN+++)
You do not regenerate when monsters are visible.
You are immune to unholy pain and torment.
You can survive without breathing.


Message History

The hungry ghost is moderately damaged.
Your chain mail prevents you from hitting the hungry ghost.
The hungry ghost is moderately damaged.
The hungry ghost hits you.
You claw the hungry ghost! You claw the hungry ghost.
The hungry ghost is almost destroyed.
The hungry ghost hits you.
You mangle the hungry ghost!!
You destroy the hungry ghost!
Makhleb accepts your kill.
You eat one of the 41 rations.
That ration really hit the spot!
Found a dyed leather armour.
A redback comes into view.
Found 17 gold pieces.
You claw the redback!
The redback is heavily wounded.
The redback bites you but does no damage.
You closely miss the redback.
The redback is heavily wounded.
The redback bites you!
* * * LOW HITPOINT WARNING * * *
You take 12 damage, and have 46/106 hp.
You mangle the redback!!
You kill the redback!
Makhleb accepts your kill.
You feel better.
You regained 13 hp, and now have 59/106 hp.
You see here a redback corpse.
You butcher the redback corpse.
j - a chunk of flesh You regained 2 hp, and now have 61/106 hp.
You now have 691 gold pieces (gained 17).
A hungry ghost comes into view.
The hungry ghost hits you.
You hear an odd grinding sound!
You scratch the hungry ghost. You claw the hungry ghost!
The hungry ghost is heavily damaged.
You mangle the hungry ghost!!
You destroy the hungry ghost!
Makhleb accepts your kill.
Health restored: 106 A minotaur comes into view.
It is wielding a morningstar of holy wrath.
The minotaur bellows!
Okay, then.
Okay, then.
Press: ? - help, v - describe, . - travel
Here: a minotaur, wielding a morningstar of holy wrath and wearing a crude chain mail The floor.
Okay, then.
Okay, then.
Evoke which item? (* to show all) (? for menu, Esc to quit)
Aiming: Polymorph
Press: ? - help, Shift-Dir - straight line, f - minotaur
Aim: a minotaur, wielding a morningstar of holy wrath and wearing a crude chain mail (chance to defeat MR: 15%)
Okay, then.
Evoke which item? (* to show all) (? for menu, Esc to quit)
Okay, then.
Okay, then.
Okay, then.
A demon appears!
The minotaur hits you with a morningstar of holy wrath!
You convulse.
The minotaur gores you!
You take 27 damage, and have 79/106 hp.
MASSIVE DAMAGE!!
The minotaur hits your smoke demon with a morningstar of holy wrath!!
Your smoke demon convulses!
The minotaur gores your smoke demon but does no damage.
Your smoke demon hits the minotaur but does no damage.
Your smoke demon barely misses the minotaur.
Your smoke demon hits the minotaur but does no damage.
The minotaur hits your smoke demon with a morningstar of holy wrath.
Your smoke demon convulses.
Your smoke demon dies!
A demon appears!
You take 4 damage, and have 75/106 hp.
You scratch the minotaur but do no damage.
The minotaur hits you with a morningstar of holy wrath!
You convulse.
The minotaur gores you!
* * * LOW HITPOINT WARNING * * *
You take 28 damage, and have 47/106 hp.
MASSIVE DAMAGE!!
You claw the minotaur!
The minotaur is lightly wounded.
Your ynoxinul hits the minotaur but does no damage.
You scratch the minotaur but do no damage.
You claw the minotaur.
The minotaur is moderately wounded.
The minotaur hits you with a morningstar of holy wrath.
* * * LOW HITPOINT WARNING * * *
You convulse.
* * * LOW HITPOINT WARNING * * *
The minotaur gores you but does no damage.
Your ynoxinul hits the minotaur.
You take 7 damage, and have 40/106 hp.
You scratch the minotaur.
The minotaur is moderately wounded.
Your ynoxinul hits the minotaur but does no damage.
You scratch the minotaur.
The minotaur is heavily wounded.
The minotaur hits you with a morningstar of holy wrath!!
* * * LOW HITPOINT WARNING * * *
You convulse!!
You die...

#. .#.## #
##### # # .
#.#.. #.#
#.#.#####
#.#### ## .
.#.#.#.#.# #..
.. ## #.#...#.#
#.# #### ..#.
...#.# #.#
.#.#.#.#.#####.
.. ...#.#.....#
# ## .
####.#@### # #
# ## .
#.....H3..# . .
. . # #
#.######### #
#.#.# . . #. #
## ######
#####.# # . ...
. . # # # . . .
.# .. #.# # # #


You could see a minotaur and a friendly ynoxinul.

Vanquished Creatures
  4 two-headed ogres
  Joseph (D:9)
  9 elephants
  A rime drake (Lair:1)
  A komodo dragon (Lair:2)
  2 polar bears (Lair:2)
  8 blink frogs
  A hippogriff (Lair:3)
  A minotaur skeleton (Lab)
  A redback (Lab)
  6 yaks
  A basilisk (Lair:2)
  3 hungry ghosts (Lab)
  5 porcupines
  3 water moccasins
  5 black bears
  2 ice beasts
  2 orc warriors
  5 sky beasts
  3 ogres
  5 centaurs
  2 crocodiles
  A big kobold (D:8)
  7 bullfrogs
  2 wyvern skeletons
  2 scorpions
  9 killer bees
  7 wights
  A vampire bat (Lair:3)
  2 electric eels
  2 howler monkeys (D:6)
  2 crimson imps
  8 hounds
  A jelly (D:8)
  2 orc priests (D:7)
  A gnoll shaman (D:4)
  2 orc wizards
  5 iguanas
  Jessica (D:3)
  2 bullfrog skeletons
  A centaur skeleton (D:6)
  5 worker ants
  2 hound zombies
  4 hound skeletons
  Robin (D:4)
  A worker ant zombie (D:8)
  3 gnolls
  9 adders
  2 river rats (D:5)
  2 shadow imps
  An ooze (Sewer)
  3 worms
  2 dart slugs
  8 leopard geckos
  18 orcs
  A ball python (D:2)
  6 giant cockroaches
  10 goblins
  4 hobgoblins
  14 jackals
  8 kobolds
  6 quokkas
  17 bats
  8 frilled lizards
  A jackal skeleton (D:7)
  A jackal zombie (D:8)
  8 rats
274 creatures vanquished.

Vanquished Creatures (collateral kills)
  A fungus (D:10)
1 creature vanquished.

Vanquished Creatures (others)
  A kobold (D:3)
  12 fungi (D:10)
  3 plants
16 creatures vanquished.

Grand Total: 291 creatures vanquished

Notes
Turn   | Place    | Note
-------+----------+-------------------------------------------
     0 | D:1      | Monsterracer the Ghoul Skald began the quest for the Orb.
     0 | D:1      | Reached XP level 1. HP: 17/17 MP: 2/2
   180 | D:1      | Reached XP level 2. HP: 22/24 MP: 3/3
   216 | D:1      | Reached skill level 3 in Unarmed Combat
   327 | D:1      | HP: 8/24 [kobold/whip (6)]
   975 | D:2      | Found a blossoming altar of Fedhas.
   987 | D:2      | Found a stormy altar of Qazlal.
  1004 | D:2      | Reached XP level 3. HP: 29/29 MP: 4/4
  1171 | D:2      | HP: 14/29 [worm (5)]
  1172 | D:2      | Reached skill level 4 in Unarmed Combat
  1751 | D:3      | Reached XP level 4. HP: 34/36 MP: 5/5
  1902 | D:3      | Reached skill level 5 in Unarmed Combat
  1904 | D:3      | HP: 16/36 [wyvern skeleton (12)]
  1915 | D:3      | Reached XP level 5. HP: 16/41 MP: 6/6
  2081 | D:3      | Noticed Jessica
  2087 | D:3      | Killed Jessica
  2121 | D:3      | Reached skill level 6 in Unarmed Combat
  2233 | D:3      | Found a white marble altar of Elyvilon.
  2638 | D:3      | HP: 20/42 [gnoll/whip (3)]
  2750 | D:4      | Reached XP level 6. HP: 31/50 MP: 7/7
  2756 | D:4      | HP: 25/50 [gnoll/club (1)]
  3339 | D:4      | Reached skill level 7 in Unarmed Combat
  3621 | D:4      | Found a staircase to the Ecumenical Temple.
  3629 | Temple   | Entered the Ecumenical Temple
  3869 | Temple   | Became a worshipper of Makhleb the Destroyer
  3980 | D:4      | Noticed a black bear
  4037 | D:5      | Entered Level 5 of the Dungeon
  4101 | D:5      | Found a hide-covered altar of Uskayaw.
  4125 | D:5      | Reached XP level 7. HP: 47/56 MP: 8/8
  4240 | D:5      | Reached skill level 1 in Invocations
  4360 | D:5      | Found a shattered altar of Ashenzari.
  4364 | D:5      | Found a sacrificial altar of Ru.
  4429 | D:5      | Reached * piety under Makhleb
  4464 | D:5      | Found a glowing drain.
  4468 | Sewer    | Entered a sewer
  5084 | D:5      | Reached skill level 1 in Armour
  5299 | D:5      | Reached skill level 8 in Unarmed Combat
  5611 | D:4      | Noticed Robin
  5624 | D:4      | Reached ** piety under Makhleb
  5634 | D:4      | Killed Robin
  5960 | D:4      | Reached XP level 8. HP: 66/66 MP: 9/9
  6251 | D:6      | HP: 31/67 [orc warrior/war axe (4)]
  6412 | D:6      | Reached skill level 5 in Fighting
  6751 | D:6      | Reached skill level 9 in Unarmed Combat
  6828 | D:6      | Found a deep blue altar of Sif Muna.
  7242 | D:7      | Reached *** piety under Makhleb
  7242 | D:7      | Reached XP level 9. HP: 59/74 MP: 11/11
  7422 | D:7      | Reached skill level 10 in Unarmed Combat
  7437 | D:7      | Found a flagged portal.
  7446 | D:7      | Got an ancient spear
  7452 | Bailey   | Entered a bailey
  7452 | Bailey   | Noticed an orc knight
  7459 | Bailey   | Noticed an orc knight
  8009 | D:8      | Reached skill level 5 in Invocations
  8317 | D:8      | Noticed a two-headed ogre
  8333 | D:8      | Killed a two-headed ogre
  8420 | D:8      | Reached XP level 10. HP: 84/84 MP: 13/13
  8660 | D:8      | Reached **** piety under Makhleb
  8660 | D:8      | Reached skill level 11 in Unarmed Combat
  8892 | D:8      | Got an ancient platinum amulet
  9074 | D:8      | Identified the amulet of Leaves {MR++ Regen+} (You found it on level 8 of the Dungeon)
  9180 | D:9      | Noticed a two-headed ogre
  9195 | D:9      | HP: 38/86 [two-headed ogre/giant spiked club (6)]
  9197 | D:9      | Killed a two-headed ogre
  9197 | D:9      | Reached skill level 5 in Armour
  9314 | D:9      | Noticed a two-headed ogre
  9322 | D:9      | Killed a two-headed ogre
  9454 | D:9      | Found a staircase to the Orcish Mines.
  9470 | D:9      | Noticed Joseph
  9496 | D:9      | HP: 44/88 [Joseph/uncursed quarterstaff (4)]
  9498 | D:9      | Killed Joseph
  9802 | D:10     | Entered Level 10 of the Dungeon
  9844 | D:10     | Noticed a two-headed ogre
  9860 | D:10     | Reached skill level 12 in Unarmed Combat
  9864 | D:10     | Killed a two-headed ogre
  9879 | D:10     | Reached XP level 11. HP: 72/94 MP: 15/15
  9959 | D:10     | Found a staircase to the Lair.
 10447 | Lair:1   | Entered Level 1 of the Lair of Beasts
 10456 | Lair:1   | HP: 47/95 [blink frog (7)]
 10459 | D:10     | HP: 18/95 [blink frog (11)]
 10461 | D:10     | HP: 4/95 [blink frog (14)]
 10467 | D:10     | HP: 34/95 [blink frog (3)]
 10472 | D:10     | HP: 32/95 [blink frog (8)]
 10479 | D:10     | HP: 22/95 [blink frog (9)]
 10495 | D:10     | HP: 14/95 [blink frog (8)]
 10501 | D:10     | HP: 13/94 [blink frog (1)]
 10504 | D:10     | HP: 6/94 [blink frog (7)]
 10509 | D:10     | HP: 26/95 [blink frog (3)]
 10703 | Lair:1   | Noticed an oklob plant
 10924 | Lair:1   | Reached skill level 13 in Unarmed Combat
 11289 | Lair:1   | HP: 46/97 [elephant (4)]
 11298 | Lair:1   | HP: 30/97 [elephant (7)]
 11305 | Lair:1   | HP: 17/97 [elephant (4)]
 11516 | Lair:1   | HP: 46/97 [elephant (14)]
 11620 | Lair:2   | HP: 43/96 [elephant (10)]
 11626 | Lair:2   | HP: 40/96 [elephant (3)]
 11631 | Lair:2   | HP: 33/96 [elephant (5)]
 11642 | Lair:2   | HP: 47/97 [elephant (4)]
 11643 | Lair:2   | Reached XP level 12. HP: 51/105 MP: 17/17
 12728 | Lair:3   | Reached skill level 14 in Unarmed Combat
 12905 | Lair:3   | Found a labyrinth entrance.
 12914 | Lab      | Entered a labyrinth
 13176 | Lab      | HP: 50/106 [minotaur skeleton (18)]
 13180 | Lab      | HP: 21/106 [minotaur skeleton (8)]
 13215 | Lab      | HP: 46/106 [redback (12)]
 13325 | Lab      | Noticed a minotaur
 13332 | Lab      | HP: 47/106 [minotaur/morningstar of holy wrath (11)]
 13336 | Lab      | HP: 13/106 [minotaur/morningstar of holy wrath (27)]
 13336 | Lab      | Demolished by a minotaur

Skill      XL: |  1  2  3  4  5  6  7  8  9 10 11 12 |
---------------+-------------------------------------+-----
Unarmed Combat | 3 4 5 6 7 8 9 10 12 13 14 | 14.1
Fighting       | 3 4 5 6 8 9 |  9.9
Invocations    | 2 4 5 7 8 9 |  9.1
Armour         | 1 3 4 5 7 |  7.5
Dodging        | |  1.7
Spellcasting   | |  1.7
Charms         | |  2.6

Action                   |  1- 3 |  4- 6 |  7- 9 | 10-12 || total
-------------------------+-------+-------+-------+-------++-------
Melee: Unarmed           |   140 |   106 |   412 |   509 ||  1167
       Punch             |       |     4 |     9 |    23 ||    36
Invok: Minor Destruction |       |       |       |    13 ||    13
       Lesser Servant of |       |       |       |     2 ||     2
  Use: Potion            |       |     3 |       |     2 ||     5
       Scroll            |       |     8 |     7 |     7 ||    22
 Stab: Invisible         |       |       |       |     2 ||     2
  Eat: Chunk             |    12 |     9 |    27 |    34 ||    82
       Ration            |       |       |       |     1 ||     1
Armor: Leather armour    |    36 |    14 |       |       ||    50
       Ring mail         |       |     8 |    29 |       ||    37
       Chain mail        |       |       |   270 |   279 ||   549
Dodge: Dodged            |    89 |    58 |   178 |   204 ||   529

Vault maps used:
D:1:      dpeg_arrival_lava_temple_mockup
D:2:      grunt_temple_overflow_forces_of_nature
D:3:      elyvilon_altar_4, uniq_jessica
D:4:      temple_fountains, first_ration, uniq_robin
D:5:      grunt_temple_overflow_open, eat_drink_and_be_merry_uskayaw,
          gup_sewer_entry_spiral
D:6:      led_sif_pool, minivault_14
D:7:      enter_bailey_2
D:8:      blue_anna_alchemist
D:9:      orc_0_dummy, minmay_sticks_and_stones
D:10:     due_lair_maze_entry_diamond
Temple:   regret_index_temple_generic_petals
Lair:1:   serial_forest, infiniplex_forest_end_1, infiniplex_forest_lined_3_way,
          infiniplex_forest_straight_2, infiniplex_forest_clump_long,
          infiniplex_forest_corner_2, minmay_lair_oklob_chamber
Lair:2:   dpeg_oklob_shooting_range, gammafunk_lair_bear_cave,
          serial_bayou_shore_b
Lair:3:   beast_lair_carwin_large_3, swamp_mist, dummy_snake_entry,
          lab_entry_generic, serial_bayou_lagoon_a, roderic_batcave
Lab:      labyrinth_mini_lab, nicolae_lab_hexagon, lab_statue,
          nicolae_lab_blocks, nicolae_lab_diamond, nicolae_lab_starburst,
          nicolae_lab_quarters
Sewer:    sewer_fruit_machine
Bailey:   bailey_polearm_4, bailey
